NWL
HILLSBORO HOPS @ TRI-CITY DUST DEVILS
09/21/2080
 
TOP OF THE 1ST
Hillsboro Hops batting - Pitching for Tri-City Dust Devils : RHP John Jiggetts
Pitching: RHP John Jiggetts
Batting: RHB Davis Guerrero 0-0: Swinging Strike
0-1: Ground out 5-3 (Groundball, 5L, EV 101.2 MPH)
Batting: RHB Dusty Baker 0-0: Ball
1-0: SOLO HOME RUN (Flyball, 7LD, EV 98.8 MPH), Distance : 347 ft
Batting: SHB Alex Guerrero 0-0: Ball
1-0: Fly out, F9 (Line Drive, 89D, EV 93.1 MPH)
Batting: LHB Jon Mayes 0-0: SOLO HOME RUN (Flyball, 9D, EV 97.5 MPH), Distance : 362 ft
Batting: RHB Corey DaCunha 0-0: SINGLE (Line Drive, 34, EV 98.8 MPH)
Batting: SHB Rick Buckman 0-0: Ball
1-0: Fielders Choice at 2nd, U4 (Groundball, 4M, EV 103.1 MPH)
Top of the 1st over - 2 runs, 3 hits, 0 errors, 1 left on base; Hillsboro 2 - Tri-City 0
BOTTOM OF THE 1ST
Tri-City Dust Devils batting - Pitching for Hillsboro Hops : RHP Fernando Collazo
Pitching: RHP Fernando Collazo
Batting: RHB Bill Anderson 0-0: Swinging Strike
0-1: Ground out 4-3 (Groundball, 34, EV 87.5 MPH)
Batting: RHB Joe Coite 0-0: Ball
1-0: Ball
2-0: DOUBLE (Line Drive, 8LXD, EV 108.1 MPH)
Batting: SHB David Perez 0-0: Foul Ball, location: 2F
0-1: Ball
1-1: Fly out, F9 (Flyball, 89M, EV 80.6 MPH)
Batting: RHB Glenn Boshers 0-0: Called Strike
0-1: Fly out, F4 (Line Drive, 4, EV 70.6 MPH)
Bottom of the 1st over - 0 runs, 1 hit, 0 errors, 1 left on base; Hillsboro 2 - Tri-City 0
TOP OF THE 2ND
Hillsboro Hops batting - Pitching for Tri-City Dust Devils : RHP John Jiggetts
Batting: RHB Ryan Turner 0-0: SINGLE (Groundball, 56, EV 108.8 MPH)
Batting: LHB John Martin 0-0: Ball
1-0: Ball
Passed Ball!
Ryan Turner to second
2-0: Ball
3-0: Called Strike
3-1: Base on Balls
Batting: RHB Eric McVay 0-0: Called Strike
0-1: Ball
1-1: Called Strike
1-2: Foul Ball, location: 2F
1-2: Strikes out swinging
Batting: RHB Davis Guerrero 0-0: SINGLE (Groundball, 6M, EV 106.2 MPH) (infield hit)
Ryan Turner to third
John Martin to second
Batting: RHB Dusty Baker 0-0: Ball
1-0: Called Strike
1-1: Swinging Strike
1-2: Foul Ball, location: 2F
1-2: Strikes out looking
Batting: SHB Alex Guerrero 0-0: Ball
1-0: Foul Ball, location: 2F
1-1: Ball
2-1: Ball
3-1: Swinging Strike
3-2: Strikes out swinging
Top of the 2nd over - 0 runs, 2 hits, 0 errors, 3 left on base; Hillsboro 2 - Tri-City 0
BOTTOM OF THE 2ND
Tri-City Dust Devils batting - Pitching for Hillsboro Hops : RHP Fernando Collazo
Batting: RHB Ian Goldsmith 0-0: Ball
1-0: Ball
2-0: Foul Ball, location: 2F
2-1: Foul Ball, location: 2F
2-2: Strikes out swinging
Batting: LHB Rodrigo Breaut 0-0: Called Strike
0-1: Ball
1-1: Ball
2-1: Bunt missed!
2-2: Fly out, F7 (Line Drive, 7S, EV 96.9 MPH)
Batting: RHB Sergio Farias 0-0: Reached on error, E4 (Groundball, 4, EV 88.8 MPH)
Batting: LHB Daniel Ascencio 0-0: Fielders Choice at 2nd, 5-4 (Groundball, 56, EV 91.9 MPH)
Bottom of the 2nd over - 0 runs, 0 hits, 1 error, 1 left on base; Hillsboro 2 - Tri-City 0
TOP OF THE 3RD
Hillsboro Hops batting - Pitching for Tri-City Dust Devils : RHP John Jiggetts
Batting: LHB Jon Mayes 0-0: Ball
1-0: Called Strike
1-1: Foul Ball, location: 2F
1-2: TRIPLE (Flyball, 89XD, EV 111.9 MPH)
Batting: RHB Corey DaCunha 0-0: Called Strike
0-1: Swinging Strike
0-2: Strikes out swinging
Batting: SHB Rick Buckman 0-0: Called Strike
0-1: Swinging Strike
0-2: Ball
1-2: Strikes out swinging
Batting: RHB Ryan Turner 0-0: Foul Ball, location: 2F
0-1: Ball
1-1: Swinging Strike
1-2: Foul Ball, location: 2F
1-2: Strikes out swinging
Top of the 3rd over - 0 runs, 1 hit, 0 errors, 1 left on base; Hillsboro 2 - Tri-City 0
BOTTOM OF THE 3RD
Tri-City Dust Devils batting - Pitching for Hillsboro Hops : RHP Fernando Collazo
Batting: RHB Craig Sturza 0-0: Swinging Strike
0-1: Ball
1-1: Called Strike
1-2: Ball
2-2: Ball
3-2: Foul Ball, location: 2F
3-2: SINGLE (Groundball, 34D, EV 100.0 MPH)
Batting: RHB Bill Anderson 0-0: Called Strike
0-1: Ball
1-1: 2-RUN HOME RUN (Line Drive, 78XD, EV 104.4 MPH), Distance : 408 ft
Batting: RHB Joe Coite 0-0: Foul Ball, location: 2F
0-1: Ball
1-1: SINGLE (Line Drive, 9S, EV 105.0 MPH)
Batting: SHB David Perez 0-0: Called Strike
Joe Coite is caught stealing 2nd base 2-6
0-1: Ball
1-1: Ball
2-1: Ground out 4-3 (Groundball, 4D, EV 100.0 MPH)
Batting: RHB Glenn Boshers 0-0: Foul Ball, location: 2F
0-1: Swinging Strike
0-2: Foul Ball, location: 2F
0-2: Foul Ball, location: 2F
0-2: Ball
1-2: Ground out 4-3 (Groundball, 4, EV 88.8 MPH)
Bottom of the 3rd over - 2 runs, 3 hits, 0 errors, 0 left on base; Hillsboro 2 - Tri-City 2
TOP OF THE 4TH
Hillsboro Hops batting - Pitching for Tri-City Dust Devils : RHP John Jiggetts
Batting: LHB John Martin 0-0: Swinging Strike
0-1: Swinging Strike
0-2: Foul Ball, location: 2F
0-2: Ball
1-2: Ball
2-2: Strikes out looking
Batting: RHB Eric McVay 0-0: Ground out 5-3 (Groundball, 56S, EV 72.5 MPH)
Batting: RHB Davis Guerrero 0-0: Fly out, F9 (Flyball, 9LS, EV 73.8 MPH)
Top of the 4th over - 0 runs, 0 hits, 0 errors, 0 left on base; Hillsboro 2 - Tri-City 2
BOTTOM OF THE 4TH
Tri-City Dust Devils batting - Pitching for Hillsboro Hops : RHP Fernando Collazo
Batting: RHB Ian Goldsmith 0-0: Called Strike
0-1: Ball
1-1: Called Strike
1-2: Ball
2-2: Foul Ball, location: 2F
2-2: Ball
3-2: Fly out, F9 (Flyball, 9, EV 87.5 MPH)
Batting: LHB Rodrigo Breaut 0-0: Called Strike
0-1: DOUBLE (Line Drive, 7LS, EV 104.4 MPH)
Batting: RHB Sergio Farias 0-0: Called Strike
0-1: Ball
1-1: Ball
2-1: Ground out 5-3 (Groundball, 5, EV 84.4 MPH)
Batting: LHB Daniel Ascencio 0-0: Foul Ball, location: 2F
0-1: Swinging Strike
0-2: Ball
1-2: Strikes out swinging
Bottom of the 4th over - 0 runs, 1 hit, 0 errors, 1 left on base; Hillsboro 2 - Tri-City 2
TOP OF THE 5TH
Hillsboro Hops batting - Pitching for Tri-City Dust Devils : RHP John Jiggetts
Batting: RHB Dusty Baker 0-0: Ball
1-0: Called Strike
1-1: SINGLE (Groundball, 25, EV 70.0 MPH) (infield hit)
Batting: SHB Alex Guerrero 0-0: Ball
1-0: Called Strike
1-1: Ball
2-1: Swinging Strike
2-2: Foul Ball, location: 2F
2-2: Foul Ball, location: 2F
2-2: Foul Ball, location: 2F
2-2: Fielders Choice at 2nd, 4-6 (Groundball, 4, EV 110.0 MPH)
Batting: LHB Jon Mayes 0-0: Called Strike
0-1: Ball
1-1: Swinging Strike
1-2: Foul Ball, location: 2F
1-2: Strikes out swinging
Batting: RHB Corey DaCunha 0-0: Called Strike
0-1: Ball
1-1: SINGLE (Groundball, 6D, EV 95.0 MPH)
Alex Guerrero to second
Batting: SHB Rick Buckman 0-0: Fly out, F8 (Flyball, 8RD, EV 85.0 MPH)
Top of the 5th over - 0 runs, 2 hits, 0 errors, 2 left on base; Hillsboro 2 - Tri-City 2
BOTTOM OF THE 5TH
Tri-City Dust Devils batting - Pitching for Hillsboro Hops : RHP Fernando Collazo
Pinch Hitting: LHB Jesse Orr 0-0: Ground out 6-3 (Groundball, 6, EV 101.9 MPH)
Batting: RHB Bill Anderson 0-0: Foul Ball, location: 2F
0-1: Ball
1-1: Ground out 6-3 (Groundball, 6, EV 77.5 MPH)
Batting: RHB Joe Coite 0-0: Ball
1-0: Swinging Strike
1-1: Swinging Strike
1-2: Strikes out looking
Bottom of the 5th over - 0 runs, 0 hits, 0 errors, 0 left on base; Hillsboro 2 - Tri-City 2
TOP OF THE 6TH
Hillsboro Hops batting - Pitching for Tri-City Dust Devils : RHP John Jiggetts
Now at SS: Bjorn Näsbom
Batting: RHB Ryan Turner 0-0: Ball
1-0: SOLO HOME RUN (Flyball, 9D, EV 96.2 MPH), Distance : 362 ft
Batting: LHB John Martin 0-0: Called Strike
0-1: Called Strike
0-2: SOLO HOME RUN (Line Drive, 89XD, EV 109.4 MPH), Distance : 405 ft
Batting: RHB Eric McVay 0-0: Ball
1-0: Foul Ball, location: 2F
1-1: Foul Ball, location: 2F
1-2: Ground out 6-3 (Groundball, 6, EV 78.8 MPH)
Batting: RHB Davis Guerrero 0-0: Foul Ball, location: 2F
0-1: Swinging Strike
0-2: Ball
1-2: Ball
2-2: Ball
3-2: Strikes out swinging
Batting: RHB Dusty Baker 0-0: Called Strike
0-1: Ball
1-1: Foul Ball, location: 2F
1-2: Foul Ball, location: 2F
1-2: Ball
2-2: Strikes out looking
Top of the 6th over - 2 runs, 2 hits, 0 errors, 0 left on base; Hillsboro 4 - Tri-City 2
BOTTOM OF THE 6TH
Tri-City Dust Devils batting - Pitching for Hillsboro Hops : RHP Fernando Collazo
Batting: SHB David Perez 0-0: Ball
1-0: DOUBLE (Flyball, 78D, EV 115.0 MPH)
Batting: RHB Glenn Boshers 0-0: Ball
1-0: Ground out 4-3 (Groundball, 34, EV 104.4 MPH)
David Perez to third
Batting: RHB Ian Goldsmith 0-0: SINGLE (Line Drive, 6, EV 97.5 MPH)
David Perez scores
Batting: LHB Rodrigo Breaut 0-0: Ball
1-0: Foul Ball, location: 2F
1-1: Called Strike
1-2: Ball
2-2: Foul Ball, location: 2F
2-2: Fly out, F9 (Flyball, 89S, EV 88.8 MPH)
Batting: RHB Sergio Farias 0-0: Called Strike
0-1: Fly out, F8 (Flyball, 8LM, EV 87.5 MPH)
Bottom of the 6th over - 1 run, 2 hits, 0 errors, 1 left on base; Hillsboro 4 - Tri-City 3
TOP OF THE 7TH
Hillsboro Hops batting - Pitching for Tri-City Dust Devils : RHP John Jiggetts
Batting: SHB Alex Guerrero 0-0: Ball
1-0: Ball
2-0: Ground out 6-3 (Groundball, 6S, EV 68.1 MPH)
Pitching: RHP Tyree Ruff
Batting: LHB Jon Mayes 0-0: Called Strike
0-1: Called Strike
0-2: Strikes out swinging
Batting: RHB Corey DaCunha 0-0: Ball
1-0: Ground out 4-3 (Groundball, 4, EV 83.8 MPH)
Top of the 7th over - 0 runs, 0 hits, 0 errors, 0 left on base; Hillsboro 4 - Tri-City 3
BOTTOM OF THE 7TH
Tri-City Dust Devils batting - Pitching for Hillsboro Hops : RHP Fernando Collazo
Batting: LHB Daniel Ascencio 0-0: Ball
1-0: Called Strike
1-1: Foul Ball, location: 2F
1-2: Ball
2-2: Ball
3-2: Base on Balls
Pitching: RHP Jeremy Lilley
Batting: RHB Bjorn Näsbom 0-0: Reached on error, E2 (Groundball, 2R, EV 43.8 MPH)
Daniel Ascencio to third
Pinch Hitting: LHB Jon Hatch 0-0: Foul Ball, location: 2F
0-1: Foul Ball, location: 2F
0-2: Ball
1-2: Ball
2-2: Ground out 3-1 (Groundball, 34S, EV 87.5 MPH)
Batting: RHB Joe Coite 0-0: Called Strike
0-1: SINGLE (Flyball, 56D, EV 91.9 MPH)
Daniel Ascencio scores
Bjorn Näsbom to third
Batting: SHB David Perez 0-0: Fly out, F7 (Flyball, 78S, EV 90.6 MPH)
Runner from 3rd tags up, SCORES, throw by LF
Batting: RHB Glenn Boshers 0-0: Called Strike
Joe Coite steals 2nd base
0-1: Called Strike
0-2: Foul Ball, location: 2F
0-2: Foul Ball, location: 2F
0-2: Strikes out looking
Bottom of the 7th over - 2 runs, 1 hit, 1 error, 1 left on base; Hillsboro 4 - Tri-City 5
TOP OF THE 8TH
Hillsboro Hops batting - Pitching for Tri-City Dust Devils : RHP Tyree Ruff
Now at 2B: Jon Hatch
Batting: SHB Rick Buckman 0-0: Ball
1-0: Ball
2-0: Ball
3-0: Called Strike
3-1: Fly out, F7 (Flyball, 7LD, EV 95.6 MPH)
Batting: RHB Ryan Turner 0-0: Called Strike
0-1: Swinging Strike
0-2: Ball
1-2: Strikes out swinging
Pitching: RHP Branden Christopher
Batting: LHB John Martin 0-0: Foul Ball, location: 2F
0-1: Swinging Strike
0-2: Ground out U3 (Groundball, 3, EV 105.0 MPH)
Top of the 8th over - 0 runs, 0 hits, 0 errors, 0 left on base; Hillsboro 4 - Tri-City 5
BOTTOM OF THE 8TH
Tri-City Dust Devils batting - Pitching for Hillsboro Hops : RHP Jeremy Lilley
Batting: RHB Ian Goldsmith 0-0: Ball
1-0: Fly out, F8 (Flyball, 8RM, EV 90.6 MPH)
Batting: LHB Rodrigo Breaut 0-0: DOUBLE (Line Drive, 89M, EV 111.9 MPH)
Batting: RHB Sergio Farias 0-0: Called Strike
0-1: Foul Ball, location: 2F
0-2: Strikes out swinging
Batting: LHB Daniel Ascencio 0-0: Called Strike
0-1: Foul Ball, location: 2F
0-2: Strikes out swinging
Bottom of the 8th over - 0 runs, 1 hit, 0 errors, 1 left on base; Hillsboro 4 - Tri-City 5
TOP OF THE 9TH
Hillsboro Hops batting - Pitching for Tri-City Dust Devils : RHP Branden Christopher
Batting: RHB Eric McVay 0-0: Ball
1-0: Ground out 4-3 (Groundball, 4, EV 91.2 MPH)
Batting: RHB Davis Guerrero 0-0: Called Strike
0-1: Swinging Strike
0-2: Ball
1-2: Strikes out swinging
Batting: RHB Dusty Baker 0-0: Called Strike
0-1: Ball
1-1: Ground out 4-3 (Groundball, 4, EV 103.1 MPH)
Top of the 9th over - 0 runs, 0 hits, 0 errors, 0 left on base; Hillsboro 4 - Tri-City 5
Saturday, July 30th , 2022 - OOTP Baseball 23.5 Build 73